 Dungeon Crawl Stone Soup version 0.31-a0-819-gf6de2f5ab6 (webtiles) character file.

Game seed: 2731376974828621988

9 qw the Shooter (level 2, -1/17 HPs)
             Began as a Gargoyle Hunter on Sept 23, 2023.
             Slain by Sigmund
             ... wielding a +0 scythe
              (7 damage)
             ... on level 2 of the Dungeon.
             The game lasted 00:00:11 (678 turns).

qw the Shooter (Gargoyle Hunter)                     Turns: 678, Time: 00:00:12

Health: -1/17      AC:  7    Str: 14    XL:     2   Next: 12%
Magic:  2/2        EV: 10    Int:  9    God:
Gold:   19         SH:  0    Dex: 13    Spells: 1/1 levels left

rFire   . . .        Y - +0 shortbow
rCold   . . .        (shield currently unavailable)
rNeg    + . .        f - +0 ring mail
rPois   inf          (no helmet)
rElec   +            (no cloak)
rCorr   .            (no gloves)
SInv    .            (no boots)
Will    .....        (no amulet) Stlth
                     (no ring)
HPRegen 0.22/turn    (no ring)
MPRegen 0.08/turn

%: no passive effects
@: confused
A: sickness immunity, AC +2, negative energy resistance 1, electricity
resistance, torment resistance 1, petrification resistance
a: no special abilities


You were on level 2 of the Dungeon.
You visited 1 branch of the dungeon, and saw 2 of its levels.

You collected 19 gold pieces.


Innate Abilities, Weirdness & Mutations

You are immune to sickness and miasma.
Your stone body is resilient. (AC +2)
You are immune to poison.
You resist negative energy. (rN+)
You are resistant to electric shocks. (rElec)
You are resistant to unholy torment.
You are immune to petrification.


   Skills:
 - Level 2.1 Fighting
 - Level 4.4 Ranged Weapons
 + Level 0.1 Armour
 - Level 1.5 Dodging
 - Level 1.1 Stealth


You had one spell level left.
You didn't know any spells.
Your spell library was empty.

Inventory:

Hand Weapons
 Y - a +0 shortbow (weapon)
Armour
 f - a +0 ring mail (worn)
Potions
 i - a potion of haste

Dungeon Overview and Level Annotations

Branches:
Dungeon (2/15)

Altars:

Shops:
D:1 !

Annotations:
D:2 Sigmund


Message History

Waypoint 1 assigned to D:2.
A kobold comes into view. It is wielding a +1 whip of freezing.
The kobold shouts!
You shoot an arrow. The arrow misses the kobold.
You shoot an arrow. The arrow closely misses the kobold.
You shoot an arrow. The arrow closely misses the kobold.
The kobold hits you with a +1 whip of freezing.
The kobold freezes you.
You shoot an arrow. The arrow barely misses the kobold.
The kobold hits you but does no damage.
You shoot an arrow. The arrow hits the kobold.
You kill the kobold!
You start resting.
Your extra speed is starting to run out.
HP restored.
Things that are here:
a +1 whip of freezing; a kobold corpse You feel yourself slow down.
You open the door.
Sigmund and a dart slug come into view.
Sigmund mumbles some strange words.
Sigmund flickers and vanishes!
Deactivating autopickup; reactivate with Ctrl-A.
Found a fizzy cyan potion.
You shoot an arrow. The arrow hits the dart slug.
The dart slug is moderately wounded.
The dart slug launches a dart at you. The slug dart misses you.
You shoot an arrow. The arrow hits the dart slug.
The dart slug is severely wounded.
You hear some strange, mumbled words.
You are confused.
Something hits you but does no damage. Something hits you. Something hits you!
Ouch! That really hurt!
The dart slug launches a dart at you. The slug dart misses you.
Something hits you!
You die...

#.############
#####......#.....#
#........#.#......
#.###)##......... #<#
#.##.....###.#
.###.###.###........#
.........####.#######
####.###......# #.#
######@# ..? #'# ...
w.. ... ..... .!.....
......... +.........+
#.........#


You could see a dart slug.

Vanquished Creatures
  A ball python (D:1)
  A goblin (D:1)
  2 hobgoblins (D:1)
  A quokka (D:1)
  2 kobolds
  A rat (D:1)
8 creatures vanquished.

Notes
Turn   | Place    | Note
-------+----------+-------------------------------------------
     0 | D:1      | qw the Gargoyle Hunter began the quest for the Orb.
     0 | D:1      | Reached XP level 1. HP: 12/12 MP: 1/1
     0 | D:1      | 0 ||| qw: Version: 0.3-a-83-gcd0e7d8
     0 | D:1      | 0 ||| qw: Game counter: 1404
     0 | D:1      | 0 ||| qw: Melee chars always use a shield: true
     0 | D:1      | 0 ||| qw: God list: Okawaru
     0 | D:1      | 0 ||| qw: Allow faded altars: false
     0 | D:1      | 0 ||| qw: Do Orc after clearing Dungeon:15 true
     0 | D:1      | 0 ||| qw: Do second Lair branch before Depths: true
     0 | D:1      | 0 ||| qw: Lair rune preference: random
     0 | D:1      | 0 ||| qw: Goals: Normal
     0 | D:1      | 0 ||| PLANNING D:1-11
   116 | D:1      | Reached XP level 2. HP: 17/17 MP: 2/2
   184 | D:1      | Found Plog's Distillery.
   191 | D:1      | 191 ||| SHOPLISTING 2 potions of might (80 gold, have 19).
   191 | D:1      | 191 ||| SHOPLISTING potion of enlightenment (50 gold, have
                  | 19).
   191 | D:1      | 191 ||| SHOPLISTING potion of heal wounds (50 gold, have
                  | 19).
   191 | D:1      | 191 ||| SHOPLISTING potion of might (40 gold, have 19).
   492 | D:1      | 492 ||| UPGRADING to +0 ring mail.
   502 | D:1      | 502 ||| DROPPING +0 leather armour.
   503 | D:1      | 503 ||| READING 2 scrolls labelled ZOREUW JYLOYH.
   504 | D:1      | 504 ||| READING scroll labelled QOOX CELOS.
   605 | D:1      | 605 ||| READING scroll labelled NASKUWEOZI.
   606 | D:1      | 606 ||| READING scroll labelled LEPOLYUTYA.
   607 | D:1      | 607 ||| DRINKING 2 bubbling puce potions.
   608 | D:1      | 608 ||| DROPPING scroll of amnesia.
   609 | D:1      | 609 ||| DROPPING scroll of butterflies.
   671 | D:2      | Noticed Sigmund
   678 | D:2      | Slain by Sigmund

Levels and vault maps discovered:
D:1:      lightli_arrival_chessboard, layout_rooms, serial_shops, shop,
          dk_noncrumbling_2, nrook_uturn
D:2:      layout_loops_corners, basic_altar, minmay_split_cup_small,
          uniq_crazy_yiuf_cottage, uniq_sigmund, uniq_jessica

Action                     || total
---------------------------++-------
   Fire: Shortbow          ||    33
    Use: Scroll            ||     4
         Potion            ||     1
 Armour: Leather armour    ||     8
         Ring mail         ||     6
  Dodge: Dodged            ||    13

Table legend:
 A = Non-vault XP
 B = Vault XP
 C = Vault XP percentage of total XP
 D = Non-vault monster count
 E = Vault monster count
 F = Vault count percentage of total count
                 A         B        C        D         E       F
            +---------+---------+-------+---------+---------+-------
      Total |      13 |       0 |   0.0 |       8 |       0 |   0.0
            +---------+---------+-------+---------+---------+-------
        D:1 |      12 |       0 |   0.0 |       7 |       0 |   0.0
        D:2 |       1 |       0 |   0.0 |       1 |       0 |   0.0
            +---------+---------+-------+---------+---------+-------
